 Dungeon Crawl Stone Soup version 0.30-a0-297-g0ec75d9ef4 (webtiles) character file.

Game seed: 14195545941527869494

30 sleeves the Insei (level 3, 0/20 HPs)
             Began as a Tengu Transmuter on Oct 19, 2022.
             Slain by an adder (2 damage)
             ... on level 2 of the Dungeon.
             The game lasted 00:01:05 (1148 turns).

sleeves the Insei (Tengu Transmuter)                Turns: 1148, Time: 00:01:06

Health: 0/20       AC:  2    Str: 12    XL:     3   Next: 20%
Magic:  7/7        EV: 12    Int: 13    God:
Gold:   68         SH:  0    Dex: 14    Spells: 5/6 levels left

rFire   . . .      SeeInvis .      - Unarmed
rCold   . . .      Faith    .    (no shield)
rNeg    . . .      Spirit   .    a - +0 robe
rPois   .          Reflect  .    (helmet restricted)
rElec   .          Harm     .    (no cloak)
rCorr   .          Rampage  .    (no gloves)
Will    .....                    (boots unavailable)
Stlth   +.........               (no amulet)
HPRegen 0.23/turn                (no ring)
MPRegen 0.10/turn                (no ring)

@: lethally poisoned (0 -> -2)
A: beak, talons 3
a: no special abilities


You were on level 2 of the Dungeon.
You visited 1 branch of the dungeon, and saw 2 of its levels.

You collected 68 gold pieces.

Inventory:

Armour
 a - a +0 robe (worn)
Jewellery
 f - a ring of positive energy
   (You found it on level 1 of the Dungeon)
 g - an amulet of faith
   (You found it on level 1 of the Dungeon)
Scrolls
 c - a scroll of noise {unknown}
 d - 2 scrolls of identify {unknown}
 e - a scroll of immolation {unknown}
 i - a scroll of butterflies {unknown}
Potions
 b - a potion of lignification
 h - 2 potions of heal wounds {unknown}


   Skills:
 - Level 1.0 Fighting
 - Level 2.1 Dodging
 + Level 4.7 Unarmed Combat
 - Level 2.0 Spellcasting
 - Level 1.5 Transmutations


You had 5 spell levels left.
You knew the following spells:

 Your Spells              Type           Power      Damage    Failure   Level
a - Beastly Appendage     Tmut           10%        N/A       14%         1

Your spell library contained the following spells:

 Spells                   Type           Power      Damage    Failure   Level
 Wereblood                Tmut           5%         N/A       21%         2
 Spider Form              Tmut/Pois      3%         N/A       50%         3
 Ice Form                 Ice/Tmut       3%         N/A       88%         4


Dungeon Overview and Level Annotations

Branches:
Dungeon (2/15)

Altars:


Innate Abilities, Weirdness & Mutations

You have a beak for a mouth.
You have claws for feet.


Message History

Welcome, sleeves the Tengu Transmuter.
You feel drawn to the Orb of Zot, downwards into the unfathomable depths...
Press ? for a list of commands and other information.
Found a staircase leading out of the dungeon.
Okay, then.
As you open the door, it creaks loudly!
There is an open door here.
You open the door.
There is an open door here.
You open the door.
Found a leather armour.
There is an open door here.
c - a scroll labelled EMEXZUG PIRIUW No target in view!
You open the gate.
There is an open gate here.
d - a scroll labelled ANIEPRUER WEIR
e - a scroll labelled GONASI RIDGHUF A rat comes into view.
Found a stone staircase leading down.
You see here a +2 dagger of draining.
You have no appropriate body parts free.
You have no appropriate body parts free.
You have no appropriate body parts free.
The rat bites you.
You see here 5 gold pieces.
You barely miss the rat. You claw the rat.
You kill the rat!
No target in view!
HP restored.
You now have 5 gold pieces.
You see here a rat corpse.
You open the door.
There is an open door here.
A goblin comes into view. It is wielding a +0 club.
A goblin is nearby!
A goblin is nearby!
The goblin shouts!
Found an escape hatch in the floor.
You completely miss the goblin. Your peck misses the goblin.
The goblin barely misses you.
You hit the goblin.
You kill the goblin!
No target in view!
No target in view!
You open the door.
There is an open door here.
You open the door.
A rat comes into view.
A rat is nearby!
A rat is nearby!
Found a twisted brass ring.
There is an open door here.
The helpless rat fails to defend itself.
You hit the rat.
The rat is moderately wounded.
The rat barely misses you.
You hit the rat but do no damage. You claw the rat.
You kill the rat!
No target in view!
No target in view!
No target in view!
No target in view!
f - a ring of positive energy No target in view!
No target in view!
No target in view!
No target in view!
No target in view!
Found a stone staircase leading down.
g - an amulet of faith You open the door.
A hobgoblin comes into view.
The hobgoblin shouts!
A ball python comes into view.
You hit the hobgoblin but do no damage. The hobgoblin closely misses you.
You hit the hobgoblin. Your peck misses the hobgoblin.
The hobgoblin is lightly wounded.
The hobgoblin completely misses you.
You hit the hobgoblin but do no damage. You claw the hobgoblin.
Your peck misses the hobgoblin.
The hobgoblin is severely wounded.
The hobgoblin closely misses you.
You barely miss the hobgoblin.
You claw the hobgoblin, but do no damage.
You peck the hobgoblin.
The hobgoblin is almost dead.
The hobgoblin barely misses you.
You hit the hobgoblin.
You kill the hobgoblin!
The ball python bites you. The ball python misses you.
You hit the ball python.
You kill the ball python!
No target in view!
No target in view!
No target in view!
No target in view!
No target in view!
No target in view!
No target in view!
No target in view!
You see here a hobgoblin corpse.
You now have 11 gold pieces (gained 6).
Found a dagger.
Found a club.
No target in view!
No target in view!
No target in view!
No target in view!
No target in view!
No target in view!
No target in view!
No target in view!
You see here a +0 club.
You see here a +0 club.
A goblin comes into view. It is wielding a +0 dagger.
A goblin is nearby!
A goblin is nearby!
The goblin shouts!
The goblin hits you with a +0 dagger.
You closely miss the goblin. The goblin closely misses you.
You closely miss the goblin. Your kick misses the goblin.
The goblin hits you with a +0 dagger.
You barely miss the goblin. Your peck misses the goblin.
The goblin barely misses you.
You hit the goblin.
You kill the goblin!
No target in view!
No target in view!
No target in view!
No target in view!
No target in view!
Found a short sword.
A goblin comes into view.
It is wielding a +0 dagger of protection.
The goblin shouts!
You hear a shout!
A goblin comes into view. It is wielding a +0 club.
There are monsters nearby!
A goblin comes into view. It is wielding a +0 dagger.
Found a stone staircase leading down.
The goblin hits you but does no damage.
You barely miss the goblin. You claw the goblin.
You kill the goblin!
You have reached level 2!
You hit the goblin. You claw the goblin.
You kill the goblin!
You closely miss the goblin. You peck the goblin, but do no damage.
You hit the goblin but do no damage.
The goblin hits you with a +0 dagger of protection.
You hit the goblin but do no damage. The goblin closely misses you.
You hit the goblin but do no damage. The goblin hits you but does no damage.
You hit the goblin but do no damage. You claw the goblin.
The goblin is almost dead.
The goblin hits you with a +0 dagger of protection.
You hit the goblin.
You kill the goblin!
Your Unarmed Combat skill increases to level 4!
No target in view!
No target in view!
No target in view!
No target in view!
Things that are here:
a +0 dagger of protection; a goblin corpse
Things that are here:
a +0 dagger; a goblin corpse
Found 2 boomerangs.
You see here a +0 short sword.
You now have 24 gold pieces (gained 13).
You open the door.
There is an open door here.
h - a blue potion No target in view!
No target in view!
No target in view!
No target in view!
No target in view!
No target in view!
No target in view!
No target in view!
You open the door.
There is an open door here.
You open the door.
A goblin comes into view. It is wielding a +0 club.
The goblin shouts!
An endoplasm comes into view.
Found a leather armour.
There are monsters nearby!
There are monsters nearby!
There is an open door here.
The endoplasm quivers.
You hit the goblin. Your peck misses the goblin.
The goblin is heavily wounded.
The goblin hits you with a +0 club.
You hit the goblin.
You kill the goblin!
The endoplasm hits you.
You hit the endoplasm but do no damage. You claw the endoplasm.
The endoplasm is lightly wounded.
The endoplasm freezes you.
You are frozen.
* * * LOW HITPOINT WARNING * * *
You are too injured to fight recklessly!
You are too injured to fight recklessly!
You are too injured to fight recklessly!
You are too injured to fight recklessly!
You are too injured to fight recklessly!
You are too injured to fight recklessly!
You are too injured to fight recklessly!
You are too injured to fight recklessly!
You are too injured to fight recklessly!
You are too injured to fight recklessly!
You are too injured to fight recklessly!
You are too injured to fight recklessly!
You are too injured to fight recklessly!
You barely miss the endoplasm. You claw the endoplasm.
The endoplasm is heavily wounded.
The endoplasm hits you.
* * * LOW HITPOINT WARNING * * *
You hit the endoplasm.
You peck the endoplasm, but do no damage.
The endoplasm is almost dead.
The endoplasm freezes you.
You are frozen.
* * * LOW HITPOINT WARNING * * *
You hit the endoplasm.
You kill the endoplasm!
You open the door.
There is an open door here.
Key pressed, stopping explore.
You open the door.
There is an open door here.
There is an escape hatch in the floor here.
There is an open door here.
You open the door.
There is an open door here.
You now have 29 gold pieces (gained 5).
You open the door.
A hobgoblin comes into view.
A hobgoblin is nearby!
A hobgoblin comes into view.
The hobgoblin shouts!
There is an open door here.
You barely miss the hobgoblin. You claw the hobgoblin.
The hobgoblin is moderately wounded.
The hobgoblin closely misses you.
You closely miss the hobgoblin.
The hobgoblin is moderately wounded.
The hobgoblin barely misses you. x2
You closely miss the hobgoblin. Your kick misses the hobgoblin.
The hobgoblin is lightly wounded.
The hobgoblin closely misses you. The hobgoblin hits you.
You hit the hobgoblin.
The hobgoblin is almost dead.
You hit the hobgoblin.
You kill the hobgoblin!
The hobgoblin barely misses you.
You barely miss the hobgoblin. You claw the hobgoblin. You peck the hobgoblin.
The hobgoblin is almost dead.
The hobgoblin hits you but does no damage.
A hobgoblin is nearby!
A hobgoblin is nearby!
You hit the hobgoblin.
You kill the hobgoblin!
No target in view!
No target in view!
No target in view!
You see here a hobgoblin corpse.
You see here a hobgoblin corpse.
You open the door.
A bat comes into view.
Found a scroll labelled ADIBORCH RIJOU.
A bat is nearby!
A bat is nearby!
There is an open door here.
You see here a scroll labelled ADIBORCH RIJOU.
The helpless bat fails to defend itself.
You punch the bat!
You kill the bat!
No target in view!
No target in view!
No target in view!
No target in view!
No target in view!
i - a scroll labelled ADIBORCH RIJOU
There is an open door here.
A kobold comes into view. It is wielding a +0 dagger.
A kobold is nearby!
A kobold comes into view. It is wielding a +0 dagger.
The kobold shouts!
A goblin comes into view. It is wielding a +0 club.
A ball python and a hobgoblin come into view.
The ball python hisses angrily.
The goblin shouts!
The hobgoblin shouts!
The kobold shouts!
The kobold hits you with a +0 dagger.
You barely miss the kobold. The kobold closely misses you. x2
The kobold attacks as you move away! The kobold hits you with a +0 dagger.
The kobold throws a stone.
The stone hits you. The goblin attacks as you move away!
The goblin hits you with a +0 club.
* * * LOW HITPOINT WARNING * * *
The kobold attacks as you move away! The kobold hits you with a +0 dagger.
* * * LOW HITPOINT WARNING * * *
The hobgoblin attacks as you move away! The hobgoblin barely misses you.
There is an open door here.
The kobold attacks as you move away! The kobold hits you with a +0 dagger.
* * * LOW HITPOINT WARNING * * *
You hit the kobold but do no damage. The kobold hits you but does no damage.
You hit the kobold.
You kill the kobold!
You punch the goblin!
You kill the goblin!
You barely miss the ball python. You claw the ball python.
You kill the ball python!
You barely miss the hobgoblin. Your kick misses the hobgoblin.
The hobgoblin closely misses you.
You hit the hobgoblin but do no damage. Your kick misses the hobgoblin.
The hobgoblin hits you.
* * * LOW HITPOINT WARNING * * *
You hit the hobgoblin. Your kick misses the hobgoblin.
The hobgoblin is lightly wounded.
The hobgoblin closely misses you.
You hit the hobgoblin. Your kick misses the hobgoblin. You peck the hobgoblin.
You kill the hobgoblin!
You hit the kobold but do no damage. You claw the kobold, but do no damage.
Your peck misses the kobold. The kobold hits you with a +0 dagger.
* * * LOW HITPOINT WARNING * * *
You barely miss the kobold. The kobold completely misses you.
You hit the kobold.
You kill the kobold!
You swing at nothing.
You swing at nothing.
You swing at nothing.
You swing at nothing.
You swing at nothing.
You swing at nothing.
You swing at nothing.
You swing at nothing.
You now have 40 gold pieces (gained 11).
As you open the door, it creaks loudly!
There is an open door here.
Found a leather armour.
You now have 54 gold pieces (gained 14).
h - 2 blue potions (gained 1)
There is an open door here.
Key pressed, stopping explore.
No target in view!
No target in view!
No target in view!
An endoplasm comes into view.
The endoplasm quivers.
An endoplasm is nearby!
An endoplasm is nearby!
You barely miss the endoplasm. You peck the endoplasm.
The endoplasm is lightly wounded.
The endoplasm misses you.
You hit the endoplasm. You claw the endoplasm.
You kill the endoplasm!
No target in view!
No target in view!
No target in view!
No target in view!
No target in view!
No target in view!
Done exploring.
Done exploring.
Done exploring.
Done exploring.
No target in view!
(D) Dungeon
Where to? (? - help)
There is an open door here.
There is a stone staircase leading down here.
You climb downwards.
The jackal barks!
You hear a bark!
Found a scroll labelled ANIEPRUER WEIR and 14 gold pieces.
There is a stone staircase leading up here.
There are monsters nearby!
There are monsters nearby!
There are monsters nearby!
A jackal comes into view.
A kobold comes into view. It is wielding a +0 dagger.
The jackal misses you. The jackal bites you. The rat barely misses you.
You climb upwards.
There is a stone staircase leading down here.
You hit the rat.
You kill the rat!
The jackal bites you but does no damage.
You have reached level 3!
Your experience leads to an increase in your attributes!
Increase (S)trength, (I)ntelligence, or (D)exterity?
You feel stronger. x2
You barely miss the jackal. You claw the jackal.
You kill the jackal!
The jackal bites you. The jackal closely misses you.
You see here a jackal corpse.
You hit the jackal.
The jackal is almost dead.
The jackal bites you but does no damage.
You hit the jackal but do no damage. Your peck misses the jackal.
The jackal is almost dead.
The jackal barely misses you. The jackal bites you.
You closely miss the jackal. You claw the jackal.
You kill the jackal!
You see here a rat corpse.
You start resting.
HP restored.
There is a stone staircase leading down, spattered with blood here.
You climb downwards.
The kobold shouts!
The jackal barks!
The jackal closely misses you.
The jackal bites you but does no damage.
There is a stone staircase leading up here.
You punch the jackal!
You kill the jackal!
The kobold hits you but does no damage. The jackal barely misses you.
You hit the jackal.
The jackal is severely wounded.
The jackal barely misses you. The kobold closely misses you.
You hit the jackal.
You kill the jackal!
The kobold hits you with a +0 dagger.
You hit the kobold.
You kill the kobold!
No target in view!
No target in view!
No target in view!
No target in view!
HP restored.
Found 5 stones.
d - 2 scrolls labelled ANIEPRUER WEIR (gained 1)
You see here a jackal corpse.
There is a stone staircase leading up here.
A bat comes into view.
You see here 14 gold pieces.
A bat is nearby!
A bat is nearby!
A bat is nearby!
The bat hits you but does no damage.
You closely miss the bat. Your kick misses the bat.
The bat hits you but does no damage. x3
You barely miss the bat. You claw the bat.
You kill the bat!
No target in view!
No target in view!
You now have 68 gold pieces (gained 14).
An adder comes into view.
An adder is nearby!
An adder is nearby!
Things that are here:
a +0 dagger; a kobold corpse The adder bites you.
You are poisoned.
The adder poisons you!
You miss the adder. Your kick misses the adder. Your peck misses the adder.
You feel sick. The adder bites you.
You are more poisoned.
The adder poisons you!
You barely miss the adder.
You feel sick. The adder barely misses you.
You are too injured to fight recklessly!
You are too injured to fight recklessly!
You are too injured to fight recklessly!
You are too injured to fight recklessly!
You are too injured to fight recklessly!
You are too injured to fight recklessly!
You are too injured to fight recklessly!
You hit the adder.
The adder is moderately wounded.
You feel sick. The adder bites you.
* * * LOW HITPOINT WARNING * * *
You hit the adder. Your kick misses the adder.
You peck the adder, but do no damage.
The adder is moderately wounded.
* * * LOW HITPOINT WARNING * * *
You feel sick. The adder bites you but does no damage.
You closely miss the adder. Your kick misses the adder.
Your peck misses the adder.
The adder is moderately wounded.
You feel sick. The adder closely misses you. x2
You barely miss the adder. Your kick misses the adder.
Your peck misses the adder.
The adder is moderately wounded.
You feel sick. The adder bites you.
* * * LOW HITPOINT WARNING * * *
You hit the adder. Your kick misses the adder.
The adder is heavily wounded.
* * * LOW HITPOINT WARNING * * *
You feel sick. The adder barely misses you.
You closely miss the adder. You claw the adder.
The adder is almost dead.
* * * LOW HITPOINT WARNING * * *
You feel sick. The adder bites you.
You die...

.# #### ......
##.##.#####
##.....†..†###
......S@.<...###
.#........#....#
#........#(...##
#...............
#........#.....##
#........#......#
########.##...#..
#.# .### #.# #


You could see an adder.

Vanquished Creatures
  2 bats
  2 endoplasms (D:1)
  4 hobgoblins (D:1)
  4 jackals
  2 ball pythons (D:1)
  7 goblins (D:1)
  3 kobolds
  3 rats (D:1)
27 creatures vanquished.

Notes
Turn   | Place    | Note
-------+----------+-------------------------------------------
     0 | D:1      | sleeves the Tengu Transmuter began the quest for the Orb.
     0 | D:1      | Reached XP level 1. HP: 12/12 MP: 4/4
   329 | D:1      | Reached XP level 2. HP: 16/16 MP: 6/6
   336 | D:1      | Reached skill level 4 in Unarmed Combat
   466 | D:1      | HP: 8/16 [frozen (5)]
   468 | D:1      | HP: 3/16 [frozen (4)]
   723 | D:1      | HP: 8/16 [goblin/+0 club (2)]
   734 | D:1      | HP: 5/16 [hobgoblin (1)]
  1076 | D:1      | Reached XP level 3. HP: 19/20 MP: 7/7
  1143 | D:2      | HP: 10/20 [poisoned by an adder]
  1146 | D:2      | HP: 4/20 [adder (1)]
  1148 | D:2      | Slain by an adder

Illustrated notes

Levels and vault maps discovered:
D:1:      scummos_arrival_gate, layout_basic
D:2:      minmay_skewed_foursquare, layout_rooms, kennysheep_generic_room_14

Skill      XL: |  1  2 |
---------------+-------+-----
Unarmed Combat | 4 |  4.7
Fighting       | |  1.0
Dodging        | |  2.1
Spellcasting   | |  2.0
Transmutations | |  1.5

Action                   || total
-------------------------++-------
Melee: Unarmed           ||    70
       Kick              ||    18
       Peck              ||     7
 Stab: Sleeping          ||     2
Armor: Robe              ||    13
Dodge: Dodged            ||    34

Table legend: (Time is in decaauts)
 A = Elapsed time spent in this place.
 B = Non-inter-level travel time spent in this place.
 C = Inter-level travel time spent in this place.
 D = Time resting spent in this place.
 E = Time spent auto-exploring this place.
 F = Levels seen in this place.
 G = Mean time per level.
                   A        B        C        D        E       F      G
               +--------+--------+--------+--------+--------+-----+--------+
         Total |   1143 |   1122 |     21 |     21 |    947 |   2 |  571.5 |
       Dungeon |   1143 |   1122 |     21 |     21 |    947 |   2 |  571.5 |
               +--------+--------+--------+--------+--------+-----+--------+

Top non-repeatable levels by time:
     D:1: 1096 daAuts
     D:2: 47 daAuts
